cohdb
Replays
Latest Replays
All Replays
Popular Replays
Top Player Replays
Match Explorer
How It Works
Community
CoH3 Stats
Reddit
Sign in to upload your games and track your stats! →
Sign in with Steam
Match 35321180
Unlisted
Match 35321180
Overview
Messages
Build Orders
End
Royal Engineer Section
Selects Air and Sea Battlegroup
Vickers Machine Gun Team
Construct Section Command Post
Infantry Section
Infantry Section
Selects Supply Surplus
Construct Resource Cache
Construct Platoon Command Post
Forward Retreat Point
CMP 15cwt Truck
Selects Centaur Medium Tank
Centaur Medium Tank
Centaur Medium Tank
Infantry Training
6-pounder Anti-tank Gun Team
Grenade Package
Unlock Bishop Self-propelled Artillery
Bishop Self-propelled Artillery
Armored Vehicle Training
Vickers Machine Gun Team
Selects Commando Section Paradrop
Selects Commando Support Section Paradrop
Commando Section Paradrop
Selects Anti-tank Rocket Loiter
Webby
OrdinaryWalnut
Seasoningmen
s73r01d
0
0
Comments
sign in to comment!
No comments posted yet!